 Dungeon Crawl Stone Soup version 0.20.1-1-g8b1a95d (webtiles) character file.

21534 Mesmaeker13 the Frost Mage (level 12, -8/96 HPs)
             Began as a Black Draconian Ice Elementalist on Nov 26, 2017.
             Was an Elder of Sif Muna.
             Killed from afar by a lindwurm (30 damage)
             ... with a blast of flame
             ... on level 3 of the Lair of Beasts.
             The game lasted 00:56:01 (27750 turns).

Mesmaeker13 the Frost Mage (DrIE)                  Turns: 27750, Time: 00:56:02

Health: -8/96      AC: 13    Str: 10    XL:     12   Next: 55%
Magic:  2/16       EV: 16    Int: 20    God:    Sif Muna [****..]
Gold:   515        SH:  6    Dex: 13    Spells: 1/17 levels left

rFire    . . .     SeeInvis .   y - +5 dagger (elec)
rCold    . . .     Gourm    .   i - +1 buckler
rNeg     . . .     Faith    .   (armour unavailable)
rPois    .         Spirit   .   (helmet restricted)
rElec    +         Reflect  .   A - +0 cloak
rCorr    .         Harm     .   C - +0 pair of gloves
MR       .....                  l - +2 pair of boots {run}
Stlth    ++........             x - amulet of rage
Regen    0.3/turn               (no ring)
MPRegen  0.2/turn               (no ring)

@: divine energy, quick
A: breathe lightning, unfitting armour, electricity resistance, cold-blooded, AC
+8
a: Breathe Lightning, Stop Divine Energy, Channel Magic, Forget Spell, Renounce
Religion, Evoke Berserk Rage


You were on level 3 of the Lair of Beasts.
You worshipped Sif Muna.
Sif Muna was greatly pleased with you.
You were not hungry.

You visited 3 branches of the dungeon, and saw 15 of its levels.
You also visited: Ossuary.

You collected 627 gold pieces.
You spent 112 gold pieces at shops.

Inventory:

Hand Weapons
 y - a +5 dagger of electrocution (weapon)
 H - a +2 quarterstaff of protection
Missiles
 D - 11 javelins (quivered)
Armour
 i - a +1 buckler (worn)
 l - a +2 pair of boots of running (worn)
 A - a +0 cloak (worn)
 C - a +0 pair of gloves (worn)
Magical Staves
 r - an uncursed staff of summoning
Jewellery
 e - an uncursed ring of fire
 x - an amulet of rage (around neck)
 B - an uncursed ring of fire
Wands
 j - a wand of paralysis (2/24)
 u - a wand of paralysis (5/24)
 I - a wand of polymorph (11/24)
Scrolls
 c - 10 scrolls of remove curse
 h - a scroll of recharging {unknown}
 w - 2 scrolls of amnesia
 E - 3 scrolls of blinking
 J - 3 scrolls of magic mapping
 O - a scroll of brand weapon {unknown}
Potions
 d - 4 potions of mutation
 f - a potion of berserk rage {unknown}
 g - a potion of ambrosia
 k - 4 potions of haste
 m - 2 potions of magic {unknown}
 o - 3 potions of flight {unknown}
 p - 3 potions of degeneration {unknown}
 s - 2 potions of resistance {unknown}
 v - a potion of might
 z - 5 potions of lignification {unknown}
 F - 2 potions of brilliance {unknown}
 R - a potion of curing
Books
 n - a book of the Sky

   Spells                             Type                      Level
   a - Summon Lightning Spire         Summoning/Air                4
   b - Silence                        Hexes/Air                    5
   c - Deflect Missiles               Charms/Air                   6
   d - Conjure Ball Lightning         Conjuration/Air              6
   e - Tornado                        Air                          9
 q - Sif Muna's Collected Works on the Blaze and Enchantment
   (Sif Muna gifted it to you on level 2 of the Lair of Beasts)

   Spells                             Type                      Level
   a - Conjure Flame                  Conjuration/Fire             3
   b - Ignite Poison                  Fire/Transmutation/Poison    3
   c - Tukima's Dance                 Hexes                        3
   d - Fireball                       Conjuration/Fire             5
 G - a book of Spatial Translocations

   Spells                             Type                      Level
   a - Blink                          Translocation                2
   b - Shroud of Golubria             Charms/Translocation         2
   c - Lesser Beckoning               Translocation                3
   d - Gell's Gravitas                Translocation                3
   e - Teleport Other                 Translocation                3
   f - Passage of Golubria            Translocation                4
Comestibles
 a - 3 royal jellies
 b - 3 bread rations
 t - 7 chunks of flesh


   Skills:
 - Level 6.0 Fighting
 - Level 7.2 Dodging
 - Level 1.7 Stealth
 - Level 4.2 Shields
 - Level 3.0 Spellcasting
 - Level 10.5 Conjurations
 - Level 5.0 Charms
 + Level 5.7 Summonings
 - Level 11.1 Ice Magic
 + Level 6.5 Air Magic
 + Level 3.8 Invocations


You had one spell level left.
You knew the following spells:

 Your Spells              Type           Power        Failure   Level  Hunger
a - Freeze                Ice            ####         1%          1    None
b - Summon Lightning Spi  Summ/Air       ####....     11%         4    ####...
c - Throw Icicle          Conj/Ice       #####...     1%          4    ####...
d - Ozocubu's Armour      Chrm/Ice       #####...     1%          3    ###....
e - Summon Ice Beast      Ice/Summ       #####...     4%          4    ####...


Dungeon Overview and Level Annotations

Branches:
Dungeon (10/15)            Temple (1/1) D:6            Lair (4/6) D:8
    Orc (0/2) D:9
  Swamp: Lair:2-4    Shoals: Lair:2-4     Snake: Lair:2-4    Spider: Lair:2-4

Altars:
Ashenzari
Cheibriados
Dithmenos
Elyvilon
Fedhas
Gozag
Hepliaklqana
Kikubaaqudgha
Makhleb
Nemelex Xobeh
Okawaru
Qazlal
Ru
Sif Muna
Trog
Uskayaw
Vehumet
Xom
Yredelemnul
Zin
The Shining One

Shops:
D:7 ![[   D:9 *

Annotations:
D:8 Gastronok
Lair:2 exclusion: oklob plant


Innate Abilities, Weirdness & Mutations

You can breathe wild blasts of lightning.
Your glossy black scales are hard. (AC +8)
You cannot fit into any form of body armour.
You are resistant to electric shocks. (rElec)
You are cold-blooded and may be slowed by cold attacks.


Message History

Casting: Freeze
Confirm with . or Enter, or press ? or * to list all spells.
Aiming: Freeze
Press: ? - help, Shift-Dir - straight line, f/p - lindwurm
Aim: a lindwurm (severely wounded)
You freeze the lindwurm.
The lindwurm is severely wounded.
The lindwurm bites you!
* * * LOW HITPOINT WARNING * * *
The lindwurm barely misses you. You block the lindwurm's attack.
Casting: Freeze
Confirm with . or Enter, or press ? or * to list all spells.
Aiming: Freeze
Press: ? - help, Shift-Dir - straight line, f/p - lindwurm
Aim: a lindwurm (severely wounded)
You freeze the lindwurm.
The lindwurm is almost dead.
The lindwurm breathes flames at you. The blast of flame hits you!
You die...

#..####......#.#...###......##...
##......##..##...............##..
#..........##.........##....###..
##......###............##...##P..
##......##..............##......#
##......##...###.⌠..##...#..P#..#
##.P..####.÷.##....####...#......
..###..#......†...........#......
........#<.⌠..#.@>.....⌠.<.......
........#...#...k.....#...#......
........#....###...##....#.......
.............###.⌠.###...#.......
.........##...#....##....###.####
P##.####.###..............#######
.##########.#.........##.........
P###..P#.#P.##.......#....#......
###......##..t.......#...........


You could see a lindwurm.

Vanquished Creatures
  A hydra (Lair:2)
  A two-headed ogre (D:8)
  Nergalle (Lair:1)
  A black mamba (Lair:3)
  6 spiny frogs
  6 komodo dragons
  3 trolls
  A hornet (D:10)
  7 hippogriffs
  A blink frog (Lair:3)
  A redback (Lair:4)
  3 wyverns
  A wraith (Ossuary)
  4 basilisks
  A steam dragon (Lair:3)
  17 yaks
  Menkaure (D:5)
  3 wargs (D:8)
  A swamp worm (Lair:4)
  11 water moccasins
  6 porcupines
  An ice beast (D:6)
  4 orc warriors
  2 sky beasts
  3 ogres
  A phantom (D:8)
  5 wolves (Lair:2)
  4 centaurs
  10 crocodiles
  A big kobold (D:8)
  13 bullfrogs
  2 scorpions
  2 wights (D:10)
  9 killer bees
  An electric eel (Lair:2)
  3 crimson imps
  4 hounds
  2 bullfrog skeletons (D:4)
  4 jellies
  A quasit (D:5)
  6 orc priests
  18 orc wizards
  A centaur skeleton (D:10)
  3 iguanas
  5 worker ants
  A hound zombie (D:5)
  A hound skeleton (D:8)
  A mummy (Ossuary)
  A worker ant zombie (D:8)
  11 adders
  3 gnolls
  2 shadow imps
  6 oozes
  An adder skeleton (D:6)
  3 worms
  A dart slug (D:1)
  3 leopard geckos
  47 orcs
  14 giant cockroaches
  8 goblins
  10 hobgoblins
  13 jackals
  A ball python (D:4)
  4 bats
  10 frilled lizards
  9 gnoll skeletons (Ossuary)
  2 gnoll zombies (D:6)
  6 kobolds
  6 kobold skeletons (Ossuary)
  10 orc skeletons (Ossuary)
  A quokka skeleton (D:9)
  7 rats
  A rat zombie (D:6)
365 creatures vanquished.

Vanquished Creatures (collateral kills)
  A catoblepas (Lair:3)
  A wolf spider (Lair:4)
  A black mamba (Lair:4)
  3 komodo dragons
  2 jumping spiders (Lair:4)
  A blink frog (Lair:4)
  A hippogriff (Lair:4)
  A redback (Lair:4)
  A basilisk (Lair:4)
  2 yaks (Lair:4)
  A water moccasin (Lair:4)
15 creatures vanquished.

Vanquished Creatures (others)
  A fungus (Lair:2)
  2 plants
3 creatures vanquished.

Grand Total: 383 creatures vanquished

Notes
Turn   | Place    | Note
-------+----------+-------------------------------------------
     0 | D:1      | Mesmaeker13 the Draconian Ice Elementalist began the quest for the Orb.
     0 | D:1      | Reached XP level 1. HP: 14/14 MP: 3/3
   618 | D:1      | Reached XP level 2. HP: 20/20 MP: 3/5
  1225 | D:1      | Reached XP level 3. HP: 23/26 MP: 2/6
  1307 | D:2      | Learned a level 2 spell: Throw Frost
  2622 | D:2      | Reached skill level 4 in Ice Magic
  2622 | D:2      | Reached XP level 4. HP: 33/33 MP: 4/8
  3631 | D:3      | Learned a level 4 spell: Throw Icicle
  3995 | D:3      | Reached skill level 1 in Shields
  4208 | D:3      | Reached XP level 5. HP: 38/38 MP: 3/9
  4984 | D:4      | Learned a level 3 spell: Ozocubu's Armour
  5887 | D:4      | Reached XP level 6. HP: 36/45 MP: 7/10
  7063 | D:4      | Reached skill level 5 in Ice Magic
  7852 | D:4      | Your scales start taking on a glossy black colour.
  7852 | D:4      | Reached XP level 7. HP: 50/50 MP: 6/11
  7852 | D:4      | Gained mutation: You are resistant to electric shocks. (rElec) [Black Draconian growth]
  8150 | D:5      | Entered Level 5 of the Dungeon
  8480 | D:5      | Noticed Menkaure
  8503 | D:5      | Killed Menkaure
  8585 | D:5      | Reached skill level 6 in Ice Magic
  9181 | D:6      | Reached XP level 8. HP: 48/57 MP: 7/12
  9200 | D:6      | Found a staircase to the Ecumenical Temple.
  9205 | D:6      | Reached skill level 5 in Conjurations
  9435 | D:6      | Reached skill level 7 in Ice Magic
  9560 | D:6      | Found a sand-covered staircase.
  9586 | Ossuary  | Entered an ossuary
 10588 | D:7      | Found Xuk Yvvye's Armour Emporium.
 10591 | D:7      | Found Fenelav's Antique Armour Boutique.
 10762 | D:7      | Found Wolivee's Distillery.
 10771 | D:7      | Bought a potion of heal wounds for 70 gold pieces
 10771 | D:7      | Bought a potion of curing for 42 gold pieces
 10810 | D:7      | Found a hazy altar of Hepliaklqana.
 10950 | Temple   | Entered the Ecumenical Temple
 10980 | Temple   | Became a worshipper of Sif Muna the Loreminder
 11513 | D:8      | Noticed Gastronok
 11743 | D:8      | Reached XP level 9. HP: 48/62 MP: 10/13
 11918 | D:8      | Reached skill level 8 in Ice Magic
 12041 | D:8      | Reached * piety under Sif Muna
 12412 | D:8      | Noticed a two-headed ogre
 12633 | D:8      | Found a staircase to the Lair.
 12657 | D:8      | Reached skill level 5 in Dodging
 12827 | D:8      | Noticed a two-headed ogre
 12971 | D:9      | Learned a level 4 spell: Summon Ice Beast
 13207 | D:9      | Found Deohed's General Store.
 13290 | D:9      | Found a staircase to the Orcish Mines.
 13729 | D:9      | Reached skill level 1 in Summonings
 13745 | D:9      | Reached skill level 9 in Ice Magic
 13852 | D:9      | Found a deep blue altar of Sif Muna.
 13938 | D:9      | Reached ** piety under Sif Muna
 14098 | D:10     | Entered Level 10 of the Dungeon
 14123 | D:10     | Reached XP level 10. HP: 64/69 MP: 3/14
 15107 | D:10     | Got a warped copper ring
 15198 | D:10     | Noticed a two-headed ogre
 15339 | D:10     | Reached skill level 1 in Charms
 15928 | D:9      | Identified the ring "Ezuupn" {+Fly rN++ Int-5 Dex+2 Slay+3} (You took it off an orc on level 10 of the Dungeon)
 15965 | D:8      | Killed a two-headed ogre
 15965 | D:8      | Reached *** piety under Sif Muna
 16498 | D:10     | Noticed a satyr
 17160 | Lair:1   | Entered Level 1 of the Lair of Beasts
 17163 | Lair:1   | Noticed a spiny frog
 17282 | Lair:1   | Reached skill level 10 in Ice Magic
 17420 | Lair:1   | Noticed a spiny frog
 17432 | D:8      | Killed a spiny frog
 17655 | Lair:1   | Killed a spiny frog
 17924 | Lair:1   | Identified a +2 pair of boots of running (You found it on level 1 of the Lair of Beasts)
 18110 | Lair:1   | Reached XP level 11. HP: 69/74 MP: 8/15
 18286 | Lair:1   | Noticed Nergalle
 18404 | Lair:1   | Killed Nergalle
 18404 | Lair:1   | Reached skill level 1 in Fighting
 18586 | Lair:1   | Reached **** piety under Sif Muna
 19878 | Lair:1   | Reached skill level 10 in Conjurations
 20913 | Lair:2   | Noticed an oklob plant
 21082 | Lair:2   | Noticed a five-headed hydra
 21097 | Lair:2   | Killed a five-headed hydra
 21097 | Lair:2   | Reached ***** piety under Sif Muna
 21097 | Lair:2   | Identified Sif Muna's Collected Works on the Blaze and Enchantment (Sif Muna gifted it to you on level 2 of the Lair of Beasts)
 21097 | Lair:2   | Received a gift from Sif Muna
 21097 | Lair:2   | Reached skill level 5 in Charms
 21138 | Lair:2   | Learned a level 4 spell: Summon Lightning Spire
 21998 | Lair:3   | Reached skill level 1 in Air Magic
 22003 | Lair:3   | Reached skill level 11 in Ice Magic
 22823 | Lair:3   | Reached skill level 5 in Fighting
 23103 | Lair:3   | Noticed a catoblepas
 23116 | Lair:3   | Killed a catoblepas
 23894 | Lair:3   | Reached XP level 12. HP: 93/94 MP: 10/16
 25396 | Lair:4   | Reached skill level 1 in Invocations
 25517 | Lair:4   | Reached skill level 5 in Air Magic
 26148 | Lair:3   | Reached skill level 5 in Summonings
 26963 | Lair:3   | HP: 3/96 [spiny frog (12)]
 27750 | Lair:3   | Killed from afar by a lindwurm

Skill      XL: |  1  2  3  4  5  6  7  8  9 10 11 12 |
---------------+-------------------------------------+-----
Dodging        | 2 4 5 7 |  7.2
Ice Magic      | 4 5 6 7 9 10 11 | 11.1
Spellcasting   | 3 |  3.0
Shields        | 1 2 3 4 |  4.2
Conjurations   | 2 3 4 6 8 9 10 | 10.5
Summonings     | 2 3 5 |  5.7
Charms         | 3 5 |  5.0
Fighting       | 5 6 |  6.0
Air Magic      | 3 6 |  6.5
Invocations    | 3 |  3.8
Stealth        | |  1.7

Action                   |  1- 3 |  4- 6 |  7- 9 | 10-12 || total
-------------------------+-------+-------+-------+-------++-------
Melee: Dagger            |    24 |   118 |   236 |   100 ||   478
       Tailslap          |       |     7 |    25 |    13 ||    45
       Flail             |       |       |       |    24 ||    24
Throw: Javelin           |       |       |       |     1 ||     1
 Cast: Freeze            |    58 |   105 |   145 |   461 ||   769
       Throw Frost       |       |     7 |       |       ||     7
       Ozocubu's Armour  |       |     3 |     8 |    15 ||    26
       Throw Icicle      |       |     4 |    11 |    66 ||    81
       Summon Lightning  |       |       |       |    18 ||    18
Invok: Divine Energy     |       |       |     1 |     2 ||     3
       Stop Divine Energ |       |       |       |     2 ||     2
       Channel Magic     |       |       |       |     2 ||     2
 Abil: Breathe Lightning |       |       |    13 |     9 ||    22
       Evoke Berserk Rag |       |       |       |     2 ||     2
Evoke: Wand              |       |       |     2 |    15 ||    17
  Use: Scroll            |     3 |       |    18 |    13 ||    34
       Potion            |       |       |     5 |     9 ||    14
 Stab: Sleeping          |     1 |     1 |     7 |     1 ||    10
       Paralysed         |       |       |     3 |     6 ||     9
  Eat: Chunk             |     6 |    13 |    12 |    27 ||    58
       Bread ration      |       |     1 |     3 |     6 ||    10
       Royal jelly       |       |       |       |     4 ||     4
       Fruit             |       |       |       |     7 ||     7
Armor: Skin              |    19 |    55 |    89 |   139 ||   302
Dodge: Dodged            |    34 |   115 |   183 |   374 ||   706
Block: Buckler           |       |       |   101 |   161 ||   262
